[Event "ICC tourney 2284 (60 10)"]
[Site "Internet Chess Club"]
[Date "2021.01.09"]
[Round "2"]
[White "elMo17"]
[Black "sushimonster"]
[Result "0-1"]
[ICCResult "White resigns"]
[WhiteElo "1786"]
[BlackElo "1510"]
[Opening "Queen's pawn game"]
[ECO "D02"]
[NIC "QP.08"]
[Time "13:05:33"]
[PlyCount "92"]
[TimeControl "3600+10"]

1. d4 d5 2. Nf3 Bf5 3. e3 c5 4. Bd3 Bxd3 5. Qxd3 e6 6. b3 Nf6 7. Bb2 Nc6 8.
O-O cxd4 9. Nxd4 Be7 10. Nd2 O-O 11. a3 Rc8 12. Rfd1 a6 13. e4 Nxd4 14.
Bxd4 Bc5 15. Bxc5 Rxc5 16. e5 Nd7 17. f4 Qb6 18. Kh1 Rfc8 19. c4 f6 20. b4
R5c7 21. c5 Qb5 22. Qe3 fxe5 23. fxe5 b6 24. Qh3 Rc6 25. Nf3 bxc5 26. bxc5
Qxc5 27. Ng5 Nf8 28. Qf3 Qe7 29. Rf1 R6c7 30. Qh5 h6 31. Nh3 Qe8 32. Qe2
Rc4 33. Rab1 a5 34. Rb7 R8c7 35. Rxc7 Rxc7 36. Qa6 a4 37. Nf4 Qc6 38. Qe2
Qc4 39. Qf2 Rf7 40. h4 g5 41. g3 gxf4 42. gxf4 Ng6 43. Rg1 Kh7 44. h5 Qe4+
45. Kh2 Qxf4+ 46. Qxf4 Nxf4 { White resigns } 0-1

[Event "ICC tourney 2284 (60 10)"]
[Site "Internet Chess Club"]
[Date "2021.01.09"]
[Round "2"]
[White "chessisthebest1"]
[Black "ChessHawk8"]
[Result "1-0"]
[ICCResult "Black resigns"]
[WhiteElo "1812"]
[BlackElo "1536"]
[Opening "Sicilian: Labourdonnais-Löwenthal (Kalashnikov) variation"]
[ECO "B32"]
[NIC "SI.32"]
[Time "13:05:35"]
[PlyCount "121"]
[TimeControl "3600+10"]

1. e4 c5 2. Nf3 Nc6 3. d4 cxd4 4. Nxd4 e5 5. Nb5 d6 6. N1c3 a6 7. Na3 b5 8.
Nd5 Nge7 9. c4 Nd4 10. Nxe7 Bxe7 11. cxb5 O-O 12. Bd3 axb5 13. O-O Bb7 14.
Be3 b4 15. Nc4 d5 16. Nxe5 dxe4 17. Bxe4 Bxe4 18. Qxd4 Qxd4 19. Bxd4 Rad8
20. Rad1 Bf6 21. f4 Rfe8 22. b3 Re6 23. Bc5 Ra8 24. Rfe1 Bb7 25. Rd2 Rea6
26. Ree2 Bd8 27. Nxf7 Bb6 28. Bxb6 Rxb6 29. Nd6 Ba6 30. Re8+ Rxe8 31. Nxe8
Re6 32. Nc7 Re1+ 33. Kf2 Rf1+ 34. Kg3 Bb7 35. Rd8+ Kf7 36. Rd7+ Kg8 37. Ne6
Be4 38. Rxg7+ Kh8 39. Rd7 Kg8 40. Rg7+ Kh8 41. Rc7 Kg8 42. Rc8+ Kf7 43.
Ng5+ Ke7 44. Nxe4 Re1 45. Rc7+ Kd8 46. Rc4 Re2 47. Rxb4 Rxa2 48. Rd4+ Kc7
49. b4 Rb2 50. Nf6 Rb3+ 51. Kg4 h6 52. f5 Rb2 53. Kh3 Rb3+ 54. g3 Kc6 55.
Ne4 Kb5 56. Nd6+ Kc6 57. f6 Rf3 58. f7 Kb6 59. Rf4 Rxf4 60. gxf4 Kc6 61.
f8=Q { Black resigns } 1-0

[Event "ICC tourney 2284 (60 10)"]
[Site "Internet Chess Club"]
[Date "2021.01.09"]
[Round "2"]
[White "MahchessICC"]
[Black "ningningwang"]
[Result "0-1"]
[ICCResult "White resigns"]
[WhiteElo "1351"]
[BlackElo "1798"]
[Opening "Sicilian: Najdorf"]
[ECO "B90"]
[NIC "SI.14"]
[Time "13:05:43"]
[PlyCount "96"]
[TimeControl "3600+10"]

1. e4 c5 2. Nf3 d6 3. d4 cxd4 4. Nxd4 Nf6 5. Nc3 a6 6. Bd3 e5 7. Nf3 Be7 8.
h3 O-O 9. O-O h6 10. Be3 Be6 11. a3 b5 12. Qd2 Nbd7 13. Rfe1 Rc8 14. Ne2
Nb6 15. Bxb6 Qxb6 16. Rac1 Rfd8 17. Nc3 Qc7 18. Qe2 Nh5 19. Nd5 Bxd5 20.
exd5 Nf4 21. Qe4 Nxd3 22. Qxd3 Qc4 23. Qxc4 Rxc4 24. Red1 Rdc8 25. c3 f5
26. Nd2 R4c7 27. g3 Bg5 28. Rc2 Bxd2 29. Rdxd2 a5 30. Rd1 b4 31. Rd3 e4 32.
Re3 Rc5 33. f3 exf3 34. Rd3 bxc3 35. bxc3 g5 36. c4 Rxc4 37. Rxc4 Rxc4 38.
Rxf3 f4 39. gxf4 gxf4 40. Rd3 Kf7 41. Kf2 Kf6 42. Kf3 Kf5 43. Rb3 Rd4 44.
Rb5 Rd3+ 45. Ke2 Rxa3 46. Rb2 Rxh3 47. Kf1 Rd3 48. Kf2 Rxd5 { White resigns
} 0-1

[Event "ICC tourney 2284 (60 10)"]
[Site "Internet Chess Club"]
[Date "2021.01.09"]
[Round "2"]
[White "Blue-Elephant1"]
[Black "tcrgm"]
[Result "1-0"]
[ICCResult "Black resigns"]
[WhiteElo "2120"]
[BlackElo "1587"]
[Opening "QGD semi-Slav: Stoltz variation"]
[ECO "D45"]
[NIC "SL.08"]
[Time "13:05:34"]
[PlyCount "87"]
[TimeControl "3600+10"]

1. d4 d5 2. c4 c6 3. Nc3 Nf6 4. e3 e6 5. Nf3 Nbd7 6. Qc2 Bb4 7. Bd3 Bd6 8.
O-O e5 9. cxd5 cxd5 10. e4 exd4 11. Nxd5 Nxd5 12. exd5 Nf6 13. Re1+ Be7 14.
Nxd4 O-O 15. Nf5 Bb4 16. Rd1 Re8 17. Bf4 Nh5 18. Be3 Kh8 19. Qc4 Be7 20.
Nxe7 Qxe7 21. Qc5 Qf6 22. Bb5 Rg8 23. Qd4 Qg6 24. d6 Bh3 25. Bf1 Rge8 26.
Qh4 Bg4 27. Rd4 Bd7 28. Qg5 Re6 29. Qxg6 Rxg6 30. Be2 Nf6 31. Bd3 Rg4 32.
Rxg4 Nxg4 33. Bf4 Rd8 34. Re1 Be6 35. a3 Nf6 36. h3 Ne8 37. Be4 Nxd6 38.
Rd1 f5 39. Bf3 Nf7 40. Re1 Bc8 41. Re7 Nd6 42. Bxd6 Rg8 43. Be5 h6 44. Bd5
{ Black resigns } 1-0

[Event "ICC tourney 2284 (60 10)"]
[Site "Internet Chess Club"]
[Date "2021.01.09"]
[Round "3"]
[White "saisneha"]
[Black "SAHYmilana"]
[Result "1-0"]
[ICCResult "Black checkmated"]
[WhiteElo "1927"]
[BlackElo "1372"]
[Opening "QGD: exchange, positional line"]
[ECO "D35"]
[NIC "QO.16"]
[Time "16:01:46"]
[PlyCount "47"]
[TimeControl "3600+10"]

1. d4 d5 2. c4 e6 3. Nc3 Nf6 4. cxd5 exd5 5. Bg5 Be7 6. e3 O-O 7. Bd3 b6 8.
Qc2 h6 9. Bh4 c5 10. Nf3 Bb7 11. O-O Nc6 12. a3 Qc7 13. Bxf6 Bxf6 14. Nxd5
cxd4 15. Nxc7 dxe3 16. fxe3 Rac8 17. Nd5 Nd4 18. Nxf6+ gxf6 19. Qd2 Nxf3+
20. gxf3 Bxf3 21. Rxf3 Rc5 22. Rg3+ Kh8 23. e4 Re5 24. Qxh6# { Black
checkmated } 1-0

[Event "ICC tourney 2284 (60 10)"]
[Site "Internet Chess Club"]
[Date "2021.01.09"]
[Round "3"]
[White "ChocolateSwirl"]
[Black "IcePotato"]
[Result "1-0"]
[ICCResult "Black checkmated"]
[WhiteElo "1162"]
[BlackElo "1298"]
[Opening "French: Winawer (Nimzovich) variation"]
[ECO "C15"]
[NIC "FR.08"]
[Time "16:01:52"]
[PlyCount "69"]
[TimeControl "3600+10"]

1. e4 e6 2. d4 d5 3. Nc3 Bb4 4. exd5 exd5 5. Nf3 Nf6 6. Bd3 c5 7. a3 Ba5 8.
dxc5 Nc6 9. O-O Bxc3 10. bxc3 Qa5 11. Re1+ Be6 12. Rb1 O-O 13. Rb5 Qxc3 14.
Bb2 Qxe1+ 15. Qxe1 Rab8 16. Bxf6 gxf6 17. Rb1 Rfc8 18. c3 Ne7 19. Nd4 Rc6
20. Nxc6 Nxc6 21. Qe3 Ne5 22. Qg3+ Kh8 23. Ba6 Bc8 24. f4 Nd7 25. Bb5 f5
26. Qe3 Kg7 27. Qd4+ Kg8 28. Qxd5 Nf6 29. Qd8+ Kg7 30. Qc7 Ra8 31. c6 b6
32. Bc4 Kg6 33. Qxf7+ Kh6 34. Qxf6+ Kh5 35. Qg5# { Black checkmated } 1-0

[Event "ICC tourney 2284 (60 10)"]
[Site "Internet Chess Club"]
[Date "2021.01.09"]
[Round "3"]
[White "bubblegum22"]
[Black "chessisthebest1"]
[Result "1-0"]
[ICCResult "Black resigns"]
[WhiteElo "1300"]
[BlackElo "1812"]
[Opening "Queen's pawn game, Rubinstein (Colle-Zukertort) variation"]
[ECO "D05"]
[NIC "QP.08"]
[Time "16:01:42"]
[PlyCount "33"]
[TimeControl "3600+10"]

1. d4 d5 2. Nf3 Nf6 3. e3 e6 4. Bd3 c5 5. b3 Nc6 6. Bb2 Be7 7. O-O O-O 8.
Ne5 Bd6 9. f4 Nd7 10. Rf3 g6 11. Nxd7 Bxd7 12. dxc5 Bxc5 13. Rg3 Be7 14.
Qh5 Be8 15. Qh6 f6 16. Rh3 Rf7 17. Bxg6 { Black resigns } 1-0

[Event "ICC tourney 2284 (60 10)"]
[Site "Internet Chess Club"]
[Date "2021.01.09"]
[Round "3"]
[White "K624"]
[Black "EChessPlayer"]
[Result "1-0"]
[ICCResult "Black checkmated"]
[WhiteElo "1378"]
[BlackElo "1063"]
[Opening "Scotch: Schmidt variation"]
[ECO "C45"]
[NIC "SO.04"]
[Time "16:01:43"]
[PlyCount "167"]
[TimeControl "3600+10"]

1. e4 e5 2. Nf3 Nc6 3. d4 exd4 4. Nxd4 Nf6 5. Nc3 Bb4 6. Nxc6 bxc6 7. Bd3
d5 8. exd5 cxd5 9. a3 Ba5 10. O-O O-O 11. Bg5 h6 12. Bh4 Re8 13. Bb5 Re5
14. Bc6 Rb8 15. b4 Bb6 16. Nxd5 Qd6 17. Nxf6+ gxf6 18. Qxd6 cxd6 19. Bxf6
Rf5 20. Bb2 a5 21. c3 Be6 22. Bf3 f6 23. Bg4 Re5 24. Bxe6+ Rxe6 25. Rfe1
Rbe8 26. Rxe6 Rxe6 27. Rb1 axb4 28. cxb4 d5 29. Kf1 d4 30. Re1 Rd6 31. Rd1
d3 32. Bc3 Rd5 33. Bd2 Rf5 34. f3 Rd5 35. h3 Rd8 36. Bxh6 Kh7 37. Bd2 Kg6
38. g4 f5 39. gxf5+ Kxf5 40. Re1 Rg8 41. Be3 Bxe3 42. Rxe3 d2 43. Rd3 Kf4
44. Rxd2 Kxf3 45. Rd3+ Kf4 46. Rd2 Rh8 47. a4 Rxh3 48. Rf2+ Kg4 49. Rg2+
Kf4 50. b5 Ra3 51. Rh2 Ra1+ 52. Kg2 Ra2+ 53. Kf1 Ra1+ 54. Ke2 Ra2+ 55. Kd3
Ra3+ 56. Kc4 Rxa4+ 57. Kc5 Ra8 58. Rb2 Rb8 59. b6 Ke5 60. b7 Ke6 61. Kc6
Ke7 62. Kc7 Rxb7+ 63. Rxb7 Ke6 64. Rb5 Ke7 65. Rd5 Ke6 66. Kc6 Kf6 67. Kd6
Kf7 68. Re5 Kg6 69. Ke6 Kg7 70. Rf5 Kg6 71. Re5 Kg7 72. Re4 Kg6 73. Rf4 Kg5
74. Ke5 Kg6 75. Rf5 Kg7 76. Ke6 Kg6 77. Ke5 Kg7 78. Rf6 Kg8 79. Ke6 Kg7 80.
Ke7 Kg8 81. Rf7 Kh8 82. Kf6 Kg8 83. Kg6 Kh8 84. Rf8# { Black checkmated }
1-0

[Event "ICC tourney 2284 (60 10)"]
[Site "Internet Chess Club"]
[Date "2021.01.09"]
[Round "3"]
[White "ningningwang"]
[Black "greenme"]
[Result "1-0"]
[ICCResult "Black checkmated"]
[WhiteElo "1798"]
[BlackElo "1519"]
[Opening "Scotch: Steinitz variation"]
[ECO "C45"]
[NIC "SO.04"]
[Time "16:01:48"]
[PlyCount "45"]
[TimeControl "3600+10"]

1. e4 e5 2. Nf3 Nc6 3. d4 exd4 4. Nxd4 Qh4 5. Nc3 Bb4 6. Be2 Qxe4 7. Nb5
Ba5 8. Nxc7+ Kd8 9. Nxa8 Bxc3+ 10. bxc3 Qxg2 11. Bf3 Qg6 12. Bf4 Qf6 13.
Qd2 Ne5 14. Bg2 Ne7 15. O-O-O Nc4 16. Qd4 Qa6 17. Bc7+ Ke8 18. Ba5 Qh6+ 19.
Kb1 Nxa5 20. Rhe1 Kd8 21. Qe5 Qf6 22. Qc7+ Ke8 23. Qxc8# { Black checkmated
} 1-0

[Event "ICC tourney 2284 (60 10)"]
[Site "Internet Chess Club"]
[Date "2021.01.09"]
[Round "3"]
[White "avaosmond"]
[Black "jebele123"]
[Result "0-1"]
[ICCResult "White checkmated"]
[WhiteElo "1258"]
[BlackElo "1559"]
[Opening "Three knights game"]
[ECO "C46"]
[NIC "KP.06"]
[Time "16:02:00"]
[PlyCount "108"]
[TimeControl "3600+10"]

1. e4 e5 2. Nf3 Nc6 3. Nc3 Bc5 4. Nxe5 Nxe5 5. d4 Bd6 6. dxe5 Bxe5 7. Bc4
Nf6 8. O-O O-O 9. Bg5 c6 10. Re1 Qc7 11. h3 h6 12. Bh4 b5 13. Bd3 Bb7 14.
Re3 Rad8 15. Qe2 b4 16. Nb1 Bd4 17. Rf3 Rde8 18. c3 bxc3 19. Nxc3 d5 20.
Bxf6 Bxf6 21. Re1 c5 22. Rg3 Bxc3 23. bxc3 dxe4 24. Bc4 Kh8 25. Qg4 Qe5 26.
Bb5 Re6 27. f4 Qf6 28. Bd7 Re7 29. a4 Rd8 30. Bf5 g6 31. Bxg6 fxg6 32. Rf1
e3 33. Re1 h5 34. Qe2 Ba6 35. Qc2 Rd2 36. Qb3 e2 37. Qb8+ Kh7 38. Qb1 Red7
39. Qe4 Rd1 40. Kf2 Rxe1 41. Kxe1 Rd1+ 42. Kf2 e1=Q+ 43. Qxe1 Rxe1 44. Kxe1
Qxf4 45. Rf3 Qc1+ 46. Kf2 Qf1+ 47. Ke3 Qd3+ 48. Kf2 Qe2+ 49. Kg3 h4+ 50.
Kxh4 Qxg2 51. Rg3 Qe4+ 52. Rg4 Qe1+ 53. Kg5 Qxc3 54. h4 Qe5# { White
checkmated } 0-1

[Event "ICC tourney 2284 (60 10)"]
[Site "Internet Chess Club"]
[Date "2021.01.09"]
[Round "3"]
[White "SkyAngel"]
[Black "Blacknight101"]
[Result "1-0"]
[ICCResult "Black resigns"]
[WhiteElo "2187"]
[BlackElo "1703"]
[Opening "Caro-Kann: two knights variation"]
[ECO "B11"]
[NIC "CK.01"]
[Time "16:01:45"]
[PlyCount "49"]
[TimeControl "3600+10"]

1. e4 c6 2. Nc3 d5 3. Nf3 dxe4 4. Nxe4 Bf5 5. Ng3 Bg6 6. h4 h6 7. Ne5 Qd6
8. Nxg6 Qxg6 9. d4 Nd7 10. Bd3 Qd6 11. c3 Ngf6 12. O-O O-O-O 13. Qf3 e5 14.
dxe5 Nxe5 15. Bf5+ Kb8 16. Qe2 Nd3 17. Be3 Nf4 18. Qf3 N4d5 19. Rad1 Qe7
20. Bd4 Ka8 21. Rfe1 Qc7 22. c4 Ne7 23. Be5 Qa5 24. b4 Rxd1 25. Qxd1 {
Black resigns } 1-0

[Event "ICC tourney 2284 (60 10)"]
[Site "Internet Chess Club"]
[Date "2021.01.09"]
[Round "3"]
[White "Jagaram"]
[Black "Aqualime"]
[Result "0-1"]
[ICCResult "White checkmated"]
[WhiteElo "1367"]
[BlackElo "1458"]
[Opening "Vienna gambit"]
[ECO "C25"]
[NIC "VG.04"]
[Time "16:01:48"]
[PlyCount "112"]
[TimeControl "3600+10"]

1. e4 e5 2. Nc3 Nc6 3. f4 Bc5 4. Nf3 d6 5. Bb5 Bd7 6. Bxc6 Bxc6 7. fxe5
dxe5 8. Nxe5 Qh4+ 9. g3 Qf6 10. Nf3 Ne7 11. d4 Bb4 12. Bg5 Qg6 13. Bd2 Bxc3
14. Bxc3 Qxe4+ 15. Kf2 O-O 16. Re1 Qxf3+ 17. Qxf3 Bxf3 18. Kxf3 Nd5 19. Re5
Nxc3 20. bxc3 Rfe8 21. Rae1 Kf8 22. Rxe8+ Rxe8 23. Rxe8+ Kxe8 24. Ke4 Kd7
25. Kd5 c6+ 26. Ke5 f6+ 27. Ke4 Ke6 28. c4 g6 29. g4 h6 30. h4 b6 31. Kf4
a6 32. a4 b5 33. axb5 a5 34. d5+ Kd6 35. c5+ Kxc5 36. bxc6 Kd6 37. c4 a4
38. c5+ Kc7 39. d6+ Kxc6 40. g5 hxg5+ 41. hxg5 a3 42. gxf6 a2 43. f7 a1=Q
44. f8=Q Qf1+ 45. Kg5 Qxf8 46. Kxg6 Kxc5 47. d7 Qd6+ 48. Kf7 Qxd7+ 49. Kf6
Qe8 50. Kf5 Qe7 51. Kg6 Qf8 52. Kg5 Kd5 53. Kg4 Ke4 54. Kh5 Qg7 55. Kh4 Kf4
56. Kh3 Qg3# { White checkmated } 0-1

[Event "ICC tourney 2284 (60 10)"]
[Site "Internet Chess Club"]
[Date "2021.01.09"]
[Round "3"]
[White "sushimonster"]
[Black "Blue-Elephant1"]
[Result "0-1"]
[ICCResult "White checkmated"]
[WhiteElo "1510"]
[BlackElo "2120"]
[Opening "Sicilian: Alapin's variation (2.c3)"]
[ECO "B22"]
[NIC "SI.47"]
[Time "16:01:58"]
[PlyCount "122"]
[TimeControl "3600+10"]

1. e4 c5 2. c3 Nf6 3. e5 Nd5 4. d4 cxd4 5. cxd4 e6 6. Nf3 d6 7. a3 Nc6 8.
Bd3 Qc7 9. Qe2 Be7 10. O-O a5 11. Nc3 Nxc3 12. bxc3 Bd7 13. Bf4 a4 14. exd6
Bxd6 15. Bxd6 Qxd6 16. Be4 Na5 17. Nd2 O-O 18. Nc4 Qa6 19. Bd3 Bb5 20. Nb2
Bxd3 21. Qxd3 Qxd3 22. Nxd3 Nb3 23. Rad1 Rfc8 24. Nc5 Nxc5 25. dxc5 Rxc5
26. Rd3 Rac8 27. Rc1 g6 28. Kf1 Rc4 29. Ke2 R8c6 30. Kd2 Kf8 31. Rb1 Rc7
32. Rd4 Rxc3 33. Rxa4 Rc2+ 34. Ke1 Ra2 35. Rf4 Rxa3 36. Kd2 Ke7 37. h3 Ra6
38. Rfb4 Rd6+ 39. Ke1 Rdd7 40. g3 Kd8 41. f4 Kc8 42. Kf2 Rc3 43. R1b2 Rdc7
44. Kg2 h5 45. h4 Rc2+ 46. Kh3 Rxb2 47. Rxb2 Rc3 48. Rb6 Kc7 49. Rb5 Kc6
50. Rb4 b5 51. Rb2 Kc5 52. f5 exf5 53. Rc2 Rxc2 54. g4 fxg4+ 55. Kg3 Rc3+
56. Kf2 b4 57. Kg2 b3 58. Kh2 b2 59. Kg2 b1=Q 60. Kh2 Qb2+ 61. Kg1 Rc1# {
White checkmated } 0-1

[Event "ICC tourney 2284 (60 10)"]
[Site "Internet Chess Club"]
[Date "2021.01.09"]
[Round "3"]
[White "evilking"]
[Black "raawad"]
[Result "1-0"]
[ICCResult "Black resigns"]
[WhiteElo "1784"]
[BlackElo "1442"]
[Opening "Caro-Kann: Tartakower (Nimzovich) variation"]
[ECO "B15"]
[NIC "CK.06"]
[Time "16:01:42"]
[PlyCount "51"]
[TimeControl "3600+10"]

1. e4 c6 2. d4 d5 3. Nc3 dxe4 4. Nxe4 Nf6 5. Nxf6+ exf6 6. c3 Bd6 7. Bd3
O-O 8. Ne2 Bg4 9. O-O Re8 10. Qc2 g6 11. h3 Be6 12. Bh6 c5 13. dxc5 Bxc5
14. Nf4 Bd7 15. Bc4 Nc6 16. Nxg6 Na5 17. Bd5 Bxh3 18. Nf4 Bd7 19. Bxf7+ Kh8
20. Bxe8 Qxe8 21. b4 Bxf2+ 22. Qxf2 Nc6 23. Nh5 Qg6 24. Qxf6+ Qxf6 25. Rxf6
Rg8 26. Raf1 { Black resigns } 1-0

[Event "ICC tourney 2284 (60 10)"]
[Site "Internet Chess Club"]
[Date "2021.01.09"]
[Round "3"]
[White "HallieKopel"]
[Black "elMo17"]
[Result "0-1"]
[ICCResult "White checkmated"]
[WhiteElo "1446"]
[BlackElo "1786"]
[Opening "Queen's pawn, Mason variation"]
[ECO "D00"]
[NIC "QP.08"]
[Time "16:01:40"]
[PlyCount "100"]
[TimeControl "3600+10"]

1. d4 d5 2. Bf4 Nf6 3. e3 c5 4. c3 Nc6 5. Nd2 e6 6. Ngf3 Bd6 7. Ne5 O-O 8.
Bd3 Qe7 9. Ndf3 Bd7 10. O-O c4 11. Bc2 b5 12. Re1 Nh5 13. Bg5 f6 14. Nxc6
Bxc6 15. Bh4 g5 16. Bg3 Nxg3 17. hxg3 f5 18. Kh2 Qg7 19. Rh1 f4 20. gxf4
gxf4 21. Kg1 h6 22. Qe2 fxe3 23. Qxe3 Rf6 24. Ne5 Be8 25. Rh3 Kf8 26. Kf1
Ke7 27. Rg3 Qh8 28. Ke2 Bh5+ 29. Kd2 Raf8 30. f3 Rg8 31. Rxg8 Qxg8 32. g4
Be8 33. Rh1 h5 34. g5 Rf8 35. f4 a5 36. Qg3 Bxe5 37. dxe5 Bg6 38. Bd1 Qh7
39. Qe3 Rf7 40. Qc5+ Ke8 41. Qxb5+ Kf8 42. Ba4 Bb1 43. Rh3 Qe4 44. Qe8+ Kg7
45. Re3 Qxf4 46. Qxe6 Qxg5 47. Qh3 Rf2+ 48. Kc1 Qg1+ 49. Bd1 Rc2+ 50. Kxb1
Qxd1# { White checkmated } 0-1

[Event "ICC tourney 2284 (60 10)"]
[Site "Internet Chess Club"]
[Date "2021.01.09"]
[Round "3"]
[White "tcrgm"]
[Black "al68067"]
[Result "1/2-1/2"]
[ICCResult "Game drawn by repetition"]
[WhiteElo "1587"]
[BlackElo "1155"]
[Opening "Scandinavian (center counter) defense"]
[ECO "B01"]
[NIC "SD.01"]
[Time "16:01:44"]
[PlyCount "138"]
[TimeControl "3600+10"]

1. e4 d5 2. exd5 Qxd5 3. Nc3 Qa5 4. d4 c6 5. Bf4 Nf6 6. Nf3 Bg4 7. Be2 e6
8. a3 Nbd7 9. O-O Be7 10. h3 Bh5 11. Bg3 O-O 12. Ne5 Bxe2 13. Nxe2 Nxe5 14.
Bxe5 c5 15. Bg3 Rac8 16. c3 Rfd8 17. b4 cxb4 18. axb4 Qb6 19. Qd3 a6 20.
Ra5 Nd5 21. Raa1 Bf6 22. Qf3 Rc6 23. Rfc1 Bg5 24. Bf4 Bxf4 25. Nxf4 Nxf4
26. Qxf4 Rdc8 27. Ra5 Qc7 28. Qxc7 R8xc7 29. Rc5 Rxc5 30. dxc5 Rd7 31. Kf1
Kf8 32. Ke2 Ke7 33. c4 h6 34. Ke3 f6 35. b5 e5 36. Ra1 Rc7 37. bxa6 bxa6
38. Rxa6 Rxc5 39. Ra4 Kd6 40. Ra6+ Rc6 41. Ra7 g6 42. Rh7 h5 43. Rh6 Rxc4
44. Rxg6 Ke6 45. Rh6 h4 46. Rh8 Kf5 47. Kd3 Rf4 48. f3 Ra4 49. Rg8 Ra3+ 50.
Kc4 Ra4+ 51. Kb5 Rd4 52. Kc5 Rd2 53. Rg4 Rd4 54. Rxd4 exd4 55. Kxd4 Kf4 56.
Kd3 Kg3 57. Ke2 Kxg2 58. f4 f5 59. Ke3 Kg3 60. Ke2 Kxf4 61. Kf2 Ke4 62. Ke2
f4 63. Kf2 f3 64. Kf1 Kf5 65. Ke1 Ke4 66. Kf1 Kf4 67. Kf2 Ke4 68. Kf1 Kd3
69. Kf2 Ke4 { Game drawn by repetition } 1/2-1/2

[Event "ICC tourney 2284 (60 10)"]
[Site "Internet Chess Club"]
[Date "2021.01.09"]
[Round "3"]
[White "MahchessICC"]
[Black "watermelon"]
[Result "0-1"]
[ICCResult "White resigns"]
[WhiteElo "1351"]
[BlackElo "1761"]
[Opening "French: Steinitz variation"]
[ECO "C11"]
[NIC "FR.04"]
[Time "16:01:48"]
[PlyCount "144"]
[TimeControl "3600+10"]

1. e4 e6 2. d4 d5 3. Nc3 Nf6 4. e5 Nfd7 5. a3 c5 6. Nf3 Nc6 7. Ne2 cxd4 8.
Nexd4 Ndxe5 9. Nxe5 Nxe5 10. Bf4 Ng6 11. Bg3 Bd6 12. Bb5+ Kf8 13. Bxd6+
Qxd6 14. Qd2 h6 15. O-O-O Qf4 16. g3 Qxd2+ 17. Rxd2 a6 18. Bd3 Ne7 19. f4
Nc6 20. Nf3 g6 21. Ne5 Kg7 22. Nxc6 bxc6 23. Rg1 Re8 24. g4 g5 25. fxg5
hxg5 26. Rf2 c5 27. c3 c4 28. Bc2 Bd7 29. h3 Rh8 30. Rg3 Raf8 31. Rgf3 Rh6
32. Kd2 f6 33. Ke3 e5 34. Bf5 Bxf5 35. gxf5 Rfh8 36. Rh2 g4 37. Rg3 Rxh3
38. Rhxh3 Rxh3 39. Kf2 Rh4 40. Rg1 Kh6 41. Rd1 Kg5 42. Rxd5 Rh2+ 43. Kg3
Rxb2 44. Rc5 Rb3 45. Rxc4 Rxa3 46. Rxg4+ Kxf5 47. Rc4 a5 48. Kf3 a4 49. Ke3
Rb3 50. Rxa4 Rxc3+ 51. Kd2 Rf3 52. Ra6 Rh3 53. Ra1 e4 54. Re1 Ke5 55. Rf1
f5 56. Ra1 f4 57. Ra5+ Kf6 58. Ra6+ Kg5 59. Ra5+ Kg4 60. Ra1 e3+ 61. Ke2
Rh2+ 62. Kd3 Kf3 63. Rf1+ Rf2 64. Re1 Rd2+ 65. Kc3 Rd7 66. Kc2 Ke4 67. Rf1
f3 68. Re1 f2 69. Rh1 e2 70. Rh4+ Kf3 71. Rh1 e1=Q 72. Rxe1 fxe1=Q { White
resigns } 0-1

[Event "ICC tourney 2284 (60 10)"]
[Site "Internet Chess Club"]
[Date "2021.01.10"]
[Round "4"]
[White "SAHYmilana"]
[Black "avaosmond"]
[Result "0-1"]
[ICCResult "White checkmated"]
[WhiteElo "1372"]
[BlackElo "1258"]
[Opening "English: Bremen, reverse dragon"]
[ECO "A22"]
[NIC "EO.10"]
[Time "10:01:46"]
[PlyCount "156"]
[TimeControl "3600+10"]

1. c4 e5 2. Nc3 Nf6 3. g3 d5 4. cxd5 Nxd5 5. Bg2 Be6 6. Nf3 Nc6 7. e4 Nf6
8. d3 Bb4 9. O-O Qd7 10. Be3 Bh3 11. a3 Ba5 12. b4 Bb6 13. Qd2 a5 14. b5
Nd4 15. Nxe5 Qe6 16. Rac1 Bxg2 17. Kxg2 Nb3 18. Qa2 Nxc1 19. Qxe6+ fxe6 20.
Rxc1 Bxe3 21. fxe3 O-O-O 22. Na4 Rhf8 23. Nc5 Rd6 24. Nc4 Rdd8 25. Nxe6 Ng4
26. Nxf8 Rxf8 27. Nd6+ Kb8 28. Nf5 g6 29. h3 Ne5 30. d4 Nd3 31. Rd1 Nb2 32.
Rb1 Nc4 33. Rc1 Nxa3 34. Ne7 Nxb5 35. Nd5 c6 36. Nb6 Re8 37. Nd7+ Kc7 38.
Nc5 Nd6 39. e5 Nf5 40. Kf2 b5 41. Nb3 a4 42. Na1 b4 43. Rc4 b3 44. Rb4 Rb8
45. Rxa4 b2 46. Nc2 b1=Q 47. Ne1 Qb2+ 48. Kf3 Qb3 49. Ra7+ Rb7 50. Rxb7+
Kxb7 51. Ng2 Nxd4+ 52. Ke4 Qd5+ 53. Kf4 Qxg2 54. exd4 Qf2+ 55. Ke4 Qxg3 56.
e6 Qxh3 57. e7 Qe6+ 58. Kf4 Qxe7 59. d5 g5+ 60. Kf5 cxd5 61. Kg4 h6 62. Kh5
Kc6 63. Kg4 Kd6 64. Kh5 Ke5 65. Kg4 Qf6 66. Kh5 Ke4 67. Kg4 Qf4+ 68. Kh5
Qh4+ 69. Kg6 Ke5 70. Kf7 Qh5+ 71. Kg7 Kf5 72. Kh7 Qg6+ 73. Kh8 Qe6 74. Kg7
Qf6+ 75. Kh7 Qf7+ 76. Kh8 Qa7 77. Kg8 Kf6 78. Kf8 Qf7# { White checkmated }
0-1

[Event "ICC tourney 2284 (60 10)"]
[Site "Internet Chess Club"]
[Date "2021.01.10"]
[Round "4"]
[White "chessisthebest1"]
[Black "madscience08"]
[Result "1-0"]
[ICCResult "Black resigns"]
[WhiteElo "1812"]
[BlackElo "1604"]
[Opening "Sicilian: Najdorf"]
[ECO "B90"]
[NIC "SI.14"]
[Time "10:01:10"]
[PlyCount "51"]
[TimeControl "3600+10"]

1. e4 c5 2. Nf3 d6 3. d4 cxd4 4. Nxd4 Nf6 5. Nc3 a6 6. f3 e5 7. Nb3 Be7 8.
Be3 O-O 9. Qd2 Be6 10. g4 Qc7 11. h4 h5 12. Be2 hxg4 13. fxg4 Bxg4 14. Bxg4
Nxg4 15. Nd5 Qd8 16. O-O-O Bxh4 17. Rdg1 Nxe3 18. Qxe3 f5 19. Qh6 Bf6 20.
Qg6 fxe4 21. Rh7 Rf7 22. Rh8+ Kxh8 23. Qxf7 Bg5+ 24. Kb1 Bh6 25. Ne7 Nd7
26. Rxg7 { Black resigns } 1-0

[Event "ICC tourney 2284 (60 10)"]
[Site "Internet Chess Club"]
[Date "2021.01.10"]
[Round "4"]
[White "IcePotato"]
[Black "Jagaram"]
[Result "1-0"]
[ICCResult "Black checkmated"]
[WhiteElo "1298"]
[BlackElo "1367"]
[Opening "QGD: Chigorin defense"]
[ECO "D07"]
[NIC "QP.08"]
[Time "10:00:51"]
[PlyCount "115"]
[TimeControl "3600+10"]

1. d4 d5 2. c4 Nc6 3. Nf3 Bg4 4. Nc3 Nf6 5. Bg5 e6 6. e3 Bb4 7. h3 Bh5 8.
Be2 h6 9. Bh4 O-O 10. O-O Be7 11. Ne5 Nxe5 12. dxe5 Bxe2 13. Qxe2 Nd7 14.
Bxe7 Qxe7 15. f4 dxc4 16. Qxc4 Qc5 17. Qxc5 Nxc5 18. Rad1 Rfd8 19. e4 Kf8
20. f5 Ke7 21. Rfe1 Nd3 22. Re2 Nb4 23. Red2 Nc6 24. Nb5 Rxd2 25. Rxd2 Nxe5
26. Nxc7 Rc8 27. Nb5 a6 28. Nc3 Nc4 29. Rc2 Ne3 30. Nd5+ Kd7 31. Rxc8 Kxc8
32. Nxe3 exf5 33. exf5 Kd7 34. Kf2 Kd6 35. Kf3 Ke5 36. g4 Kf6 37. h4 g6 38.
Kf4 h5 39. g5+ Kg7 40. f6+ Kf8 41. Ke5 Ke8 42. Kd6 Kd8 43. Nc4 Ke8 44. Kc7
b5 45. Nd6+ Kf8 46. Kb6 b4 47. Kxa6 b3 48. axb3 Kg8 49. b4 Kh7 50. b5 Kg8
51. b6 Kh7 52. b7 Kg8 53. Nxf7 Kxf7 54. b8=Q Ke6 55. Qb5 Kf7 56. Qd5+ Kf8
57. Qd7 Kg8 58. Qg7# { Black checkmated } 1-0

[Event "ICC tourney 2284 (60 10)"]
[Site "Internet Chess Club"]
[Date "2021.01.10"]
[Round "4"]
[White "Aqualime"]
[Black "sushimonster"]
[Result "0-1"]
[ICCResult "White checkmated"]
[WhiteElo "1458"]
[BlackElo "1510"]
[Opening "QGD: 4.Bg5 Be7"]
[ECO "D53"]
[NIC "QO.13"]
[Time "10:01:46"]
[PlyCount "54"]
[TimeControl "3600+10"]

1. d4 d5 2. c4 e6 3. Nc3 Nf6 4. Bg5 Be7 5. Nf3 h6 6. Bh4 b6 7. e3 Bb7 8. a4
Nbd7 9. Bd3 c5 10. O-O O-O 11. Rc1 Rc8 12. Qe2 dxc4 13. Bxc4 Ne4 14. Nxe4
Bxe4 15. Bxe7 Qxe7 16. Ba6 Rcd8 17. Rfd1 Qf6 18. Nd2 Bc6 19. b3 e5 20. dxe5
Nxe5 21. Nc4 Qg6 22. f4 Nf3+ 23. Kh1 Rxd1+ 24. Rxd1 Nh4 25. Rg1 Nxg2 26.
Rxg2 Qb1+ 27. Qd1 Qxd1# { White checkmated } 0-1